 Dungeon Crawl Stone Soup version 0.32-a0-814-g0968bab981 (webtiles) character file.

Game seed: 6719245564944895001

36519 KimchiStew the Thaumaturge (level 13, 0/92 HPs)
             Began as a Mummy Necromancer on Mar 22, 2024.
             Was the Champion of Hepliaklqana.
             Slain by an orc warrior
             ... wielding a +0 trident
              (3 damage)
             ... on level 1 of the Orcish Mines.
             The game lasted 00:36:37 (17063 turns).

KimchiStew the Thaumaturge (Mummy Necromancer)     Turns: 17063, Time: 00:36:37

Health: 0/92       AC: 13    Str: 12    XL:     13   Next: 53%
Magic:  12/29      EV:  9    Int: 21    God:    Hepliaklqana [******]
Gold:   1782       SH:  0    Dex: 12    Spells: 19/36 levels left

rFire   . . .        F - +6 trident of Woezes {spect, rPois rC- Int+2 Stlth+}
rCold   + . .        (no shield)
rNeg    + + +        A - +2 ring mail {Will+}
rPois   ∞            (no helmet)
rElec   +            i - scarf {rC+ rF+}
rCorr   +            (no gloves)
SInv    .            K - +0 pair of boots {Fly}
Will    ++...        H - amulet of magic regeneration
Stlth   +++          p - ring of resist corrosion
HPRegen 0.35/turn    J - ring of Begehere {*Corrode rElec rPois AC+4 Stlth+}
MPRegen 0.61/turn

%: corrode self (3%), faith
@: animating dead, flying, very slightly contaminated
A: reduced essence, cold resistance 1, negative energy resistance 3, torment
resistance 2, heat vulnerability 1, in touch with death 2, no potions, faith
a: Renounce Religion, Recall Ancestor, Ancestor Identity, Transference, Idealise


You were on level 1 of the Orcish Mines.
You worshipped Hepliaklqana.
Hepliaklqana was exalted by your worship.
You visited 4 branches of the dungeon, and saw 18 of its levels.
You also visited: Bailey.

You collected 1902 gold pieces.
You spent 120 gold pieces at shops.

Inventory:

Hand Weapons
 n - a +2 short sword of venom
 s - a +2 dire flail of protection
 z - a +5 scimitar of freezing
 F - the +6 trident of Woezes (weapon) {spect, rPois rC- Int+2 Stlth+}
   (You found it on level 10 of the Dungeon)

   Int+2:     It affects your intelligence (+2).
   rC-:       It makes you vulnerable to cold.
   rPois:     It protects you from poison.
   Stlth+:    It makes you more stealthy.
Missiles
 b - 60 poisoned darts (quivered)
 m - 13 curare-tipped darts
 N - a throwing net
Armour
 i - a scarf of resistance (worn)
 w - a +1 chain mail of fire resistance
 A - a +2 ring mail of willpower (worn)
 C - a +0 kite shield
 G - +0 ice dragon scales
 K - a +0 pair of boots of flying (worn)
Magical Staves
 r - a staff of cold
 E - a staff of cold
Jewellery
 e - a ring of flight
 h - a ring of willpower
 p - a ring of resist corrosion (left hand)
 q - a ring of fire
 x - a +4 ring of protection
 H - an amulet of magic regeneration (around neck)
 J - the ring of Begehere (right hand) {*Corrode rElec rPois AC+4 Stlth+}
   (You found it on level 1 of the Lair of Beasts)

   [ring of protection]

   AC+4:      It affects your AC (+4).
   rElec:     It insulates you from electricity.
   rPois:     It protects you from poison.
   *Corrode:  It may corrode you when you take damage.
   Stlth+:    It makes you more stealthy.
 M - a ring of protection from fire
Wands
 c - a wand of iceblast (20)
 u - a wand of paralysis (22)
 v - a wand of flame (11)
 I - a wand of light (10)
Scrolls
 a - a scroll of immolation
 d - 4 scrolls of fog
 f - 3 scrolls of blinking
 g - 3 scrolls of brand weapon
 j - 2 scrolls of enchant weapon
 k - a scroll of amnesia
 l - 8 scrolls of teleportation
 o - 3 scrolls of vulnerability
 y - a scroll of torment
 B - a scroll of enchant armour
 D - 2 scrolls of poison
 L - 3 scrolls of identify


   Skills:
 - Level 10.0 Fighting
 - Level 4.0 Short Blades
 * Level 7.5 Polearms
 - Level 2.0 Throwing
 + Level 5.6 Armour
 - Level 1.5 Dodging
 - Level 2.0 Stealth
 - Level 12.0 Spellcasting
 - Level 10.0 Necromancy
 + Level 6.7 Earth Magic
 + Level 6.9 Invocations
 - Level 2.0 Evocations


You had 19 spell levels left.
You knew the following spells:

 Your Spells              Type           Power      Damage    Failure   Level
a - Necrotise             Necr           100%       1d9       1%          1
b - Vampiric Draining     Necr           89%        2d12      1%          3
c - Animate Dead          Necr           89%        N/A       1%          4
d - Anguish               Hex/Necr       33%        N/A       14%         4
e - Borgnjor's Vile Clut  Necr/Erth      41%        N/A       10%         5

Your spell library contained the following spells:

 Spells                   Type           Power      Damage    Failure   Level
 Passwall                 Erth           40%        N/A       1%          3
 Curse of Agony           Necr           89%        N/A       4%          5
 Apportation              Tloc           24%        N/A       11%         1
 Magic Dart               Conj           48%        1d5       11%         1
 Sting                    Conj/Alch      48%        1d6       11%         1
 Summon Small Mammal      Summ           48%        N/A       11%         1
 Ensorcelled Hibernation  Hex/Ice        24%        N/A       16%         2
 Mercury Vapours          Alch/Air       24%        N/A       16%         2
 Searing Ray              Conj           24%        2d5       16%         2
 Static Discharge         Conj/Air       24%        3-4/arc   16%         2
 Call Canine Familiar     Summ           12%        N/A       32%         3
 Frozen Ramparts          Ice            24%        1d4       32%         3
 Ozocubu's Armour         Ice            12%        N/A       32%         3
 Swiftness                Air            12%        N/A       32%         3
 Airstrike                Air            6%         2d(1-17)  71%         4
 Cause Fear               Hex            6%         N/A       71%         4
 Fulminant Prism          Conj/Alch      6%         3d7       71%         4
 Olgreb's Toxic Radiance  Alch           12%        N/A       71%         4
 Passage of Golubria      Tloc           12%        N/A       71%         4
 Summon Blazeheart Golem  Fire/Summ      12%        N/A       71%         4
 Summon Lightning Spire   Summ/Air       12%        N/A       71%         4
 Alistair's Intoxication  Alch           8%         N/A       96%         5
 Metabolic Englaciation   Hex/Ice        6%         N/A       96%         5
 Silence                  Hex/Air        6%         N/A       96%         5
 Eringya's Noxious Bog    Alch           6%         4d6       100%        6
 Enfeeble                 Hex            6%         N/A       100%        7
 Lehudib's Crystal Spear  Conj/Erth      13%        10d4      100%        8


Dungeon Overview and Level Annotations

Branches:
Dungeon (11/15)            Temple (1/1) D:4            Lair (4/5) D:9
  Swamp (0/4) Lair:3       Spider (0/4) Lair:3        Slime (0/5) Lair:4
    Orc (2/2) D:9             Elf (0/3) Orc:2        Bailey (visited)

Altars:
Ashenzari
Cheibriados
Dithmenos
Fedhas
Gozag
Hepliaklqana
Kikubaaqudgha
Makhleb
Nemelex Xobeh
Okawaru
Qazlal
Ru
Sif Muna
Trog
Uskayaw
Vehumet
Wu Jian
Xom
Yredelemnul
Beogh

Shops:
D:3 ?   Orc:2 ([([(*(

Annotations:
D:3 1 runed translucent door, Crazy Yiuf
Lair:4 exclusions: 3 death yaks and oklob plant


Innate Abilities, Weirdness & Mutations

Your life essence is reduced to manifest your ancestor. (-10% HP)
You are immune to poison.
Your flesh is cold resistant. (rC+)
You are immune to negative energy. (rN+++)
You are immune to unholy pain and torment.
You are vulnerable to heat. (rF-)
You are strongly in touch with the powers of death.
You do not drink.
You have a special connection with the divine. (Faith)


Message History

Jaes closely misses the hell hound.
The hell hound bites Jaes but does no damage.
You take 37 damage, and have 27/92 hp.
Reach: F) +6 trident of Woezes {spect, rPois rC- Int+2 Stlth+}
Press: ? - help, Dir - move target, f/p - kobold blastminer
Aim: a kobold blastminer, wielding a +0 arbalest (severely wounded, constricted by zombie hands, anguished, about 14% to evade the +6 trident of Woezes)
You reach to attack!
You hit the kobold blastminer.
The kobold blastminer is severely wounded.
Your +6 trident of Woezes {spect, rPois rC- Int+2 Stlth+} hits the kobold blastminer.
The zombie hands constrict the kobold blastminer!
You kill the kobold blastminer!
The dead are walking!
The obsidian bat bites you.
* * * LOW HITPOINT WARNING * * *
The obsidian bat is wracked by anguish.
The orc warrior hits you from afar with a +0 trident.
* * * LOW HITPOINT WARNING * * *
The orc warrior is wracked by anguish.
The obsidian bat closely misses Jaes.
The kobold blastminer shoots a bolt.
The bolt hits you!!
* * * LOW HITPOINT WARNING * * *
The kobold blastminer is wracked by anguish!!
The kobold blastminer dies!
The dead are walking!
The hell hound breathes flames at Jaes.
The blast of flame hits Jaes.
Jaes resists.
The blast of flame hits your kobold blastminer zombie!
The hell hound is wracked by anguish!!
The hell hound dies!
The hell hound's corpse disappears in a puff of smoke!
The hell rat barely misses you.
The hell rat bites Jaes but does no damage.
You take 24 damage, and have 3/92 hp.
Your +6 trident of Woezes {spect, rPois rC- Int+2 Stlth+} disappears.
The obsidian bat closely misses you.
The obsidian bat bites you but does no damage.
Something hits you but does no damage.
The orc warrior hits you from afar with a +0 trident.
You die...
Hepliaklqana delivers you to your ancestors.

#. .....### ##
......##
......#
.....######
##..$..$....
#..o........
#.)r.......
#.Z@b#
#))R.§.....
...[)r.......
#.......#......
.....Z.####....
#....## #.#.
#.... ... .....
..


You could see the friendly Jaes the knight (idealised), an obsidian bat (ally
target, anguished), an orc warrior (anguished), 2 hell rats and 2 friendly
kobold blastminer zombies.

Vanquished Creatures
  An orc warlord (Orc:2)
  2 orc high priests (Orc:2)
  2 spriggan druids (Lair:3)
  A lindwurm (Lair:4)
  Pikel (D:5)
  2 orc sorcerers (Orc:2)
  A black mamba (Lair:4)
  3 kobold blastminers
  7 cane toads
  2 kobold demonologists
  A rime drake (Lair:2)
  Grinder (D:3)
  Sigmund (D:2)
  3 wyverns
  A basilisk (Lair:4)
  2 wargs (Orc:2)
  2 redbacks (Lair:3)
  A steam dragon (D:8)
  11 yaks
  9 water moccasins
  A black bear (D:7)
  22 orc warriors
  6 wolves
  2 centaurs (D:9)
  4 ogres
  4 kobold brigands
  3 bullfrogs
  3 gnoll sergeants
  3 scorpions
  5 killer bees
  2 electric eels (Lair:2)
  A lava snake (Lair:4)
  2 hounds (D:6)
  A jelly (D:4)
  A bombardier beetle (D:5)
  8 orc priests
  6 iguanas
  A sleepcap (D:7)
  11 orc wizards
  6 gnolls
  7 adders
  2 white imps
  4 orc zombies (Orc:2)
  2 dart slugs
  A ribbon worm (D:2)
  48 orcs
  7 bats
  4 endoplasms
  4 giant cockroaches
  7 goblins
  6 hobgoblins
  3 jackals (D:2)
  2 quokkas
  7 ball pythons
  3 frilled lizards
  21 kobolds
  A rat (D:3)
275 creatures vanquished.

Vanquished Creatures (collateral kills)
  An ice dragon (Lair:2)
  An orc sorcerer (Orc:2)
  A black mamba (Lair:1)
  A kobold blastminer (Orc:2)
  4 cane toads
  2 komodo dragons (Lair:3)
  4 polar bears
  11 yaks
  2 wraiths (D:10)
  A warg (Orc:2)
  2 basilisks
  Grum (Lair:1)
  A steam dragon (D:9)
  Edmund (D:5)
  An acid dragon (D:8)
  2 water moccasins (Lair:3)
  A sky beast (D:7)
  9 orc warriors
  A black bear (D:5)
  3 ogres
  8 wolves
  A centaur (D:8)
  A phantom (D:6)
  5 kobold brigands
  11 bullfrogs
  A gnoll sergeant (D:7)
  3 wights (D:8)
  3 killer bees
  2 electric eels (Lair:4)
  A bombardier beetle (D:5)
  4 orc priests
  A jelly (D:7)
  An iguana (D:6)
  8 orc wizards
  7 gnolls
  28 orcs
  A bat (D:1)
  An endoplasm (D:4)
  5 goblins
  A hobgoblin (D:1)
  A quokka (D:2)
  8 kobolds
152 creatures vanquished.

Vanquished Creatures (others)
  An orc warlord (Orc:2)
  A lindwurm (Lair:3)
  A black mamba (Lair:1)
  2 kobold blastminers
  A gargoyle (D:8)
  A rime drake (Lair:3)
  A cane toad (Lair:2)
  A komodo dragon (Lair:3)
  A troll (D:9)
  Prince Ribbit (D:6)
  A black mamba zombie (Lair:1)
  A shadow (D:9)
  9 yaks
  A wyvern (Lair:4)
  A warg (Orc:2)
  A cane toad zombie (Lair:3)
  10 orc warriors
  3 ogres (Orc:2)
  A centaur (D:9)
  3 wolves
  A rime drake zombie (Lair:2)
  2 kobold brigands (Bailey)
  2 warg zombies (Orc:2)
  4 yak zombies (Lair:4)
  A killer bee (D:8)
  An electric eel (Lair:4)
  9 wolf zombies
  A bullfrog zombie (Lair:2)
  A lava snake (Lair:4)
  An orc priest (Orc:2)
  2 orc wizards
  2 killer bee zombies (D:8)
  4 ogre zombies (Orc:2)
  4 knights
  6 gnolls
  A white imp (D:7)
  A lava snake zombie (Lair:4)
  4 orcs
  7 gnoll zombies
  2 goblin zombies (D:7)
  15 kobold zombies
  30 orc zombies
  3 spectral weapons
146 creatures vanquished.

Grand Total: 573 creatures vanquished

Notes
Turn   | Place    | Note
-------+----------+-------------------------------------------
     0 | D:1      | KimchiStew the Mummy Necromancer began the quest for the
                  | Orb.
     0 | D:1      | Reached XP level 1. HP: 13/13 MP: 4/4
   297 | D:1      | Reached skill level 3 in Spellcasting
   303 | D:1      | Reached XP level 2. HP: 9/20 MP: 0/6
   414 | D:1      | Reached skill level 1 in Fighting
   930 | D:2      | Reached XP level 3. HP: 26/26 MP: 4/7
  1308 | D:2      | Reached skill level 4 in Spellcasting
  1452 | D:2      | Noticed Sigmund
  1462 | D:2      | Killed Sigmund
  1463 | D:2      | Reached skill level 5 in Spellcasting
  1463 | D:2      | Reached skill level 5 in Necromancy
  1463 | D:2      | Reached XP level 4. HP: 32/32 MP: 3/11
  1463 | D:2      | Reached XP level 5. HP: 37/37 MP: 3/12
  1885 | D:2      | Learned a level 3 spell: Vampiric Draining
  1890 | D:2      | Learned a level 4 spell: Animate Dead
  2057 | D:3      | Found Cuadoil's Magic Scroll Shoppe.
  2061 | D:3      | Bought a scroll of fog for 48 gold pieces
  2061 | D:3      | Bought a scroll of teleportation for 36 gold pieces
  2103 | D:3      | Noticed Grinder
  2108 | D:3      | Paralysed by Grinder for 5 turns
  2119 | D:3      | Killed Grinder
  2120 | D:3      | Reached skill level 1 in Short Blades
  2120 | D:3      | Reached skill level 1 in Throwing
  2120 | D:3      | Reached skill level 1 in Evocations
  2120 | D:3      | Reached XP level 6. HP: 43/43 MP: 12/14
  2337 | D:3      | Found a runed translucent door.
  2338 | D:3      | Noticed Crazy Yiuf
  2555 | D:4      | Found a staircase to the Ecumenical Temple.
  2590 | D:4      | Reached skill level 6 in Spellcasting
  2649 | Temple   | Entered the Ecumenical Temple
  2685 | Temple   | Became a worshipper of Hepliaklqana the Forgotten
  2950 | D:4      | Reached XP level 7. HP: 36/48 MP: 16/16
  3549 | D:5      | Entered Level 5 of the Dungeon
  3575 | D:5      | Reached * piety under Hepliaklqana
  3629 | D:5      | Noticed Edmund
  3637 | D:5      | Killed Edmund
  3638 | D:5      | Reached skill level 7 in Spellcasting
  3818 | D:5      | Found a bloodstained altar of Trog.
  3911 | D:5      | Found a shimmering blue altar of Sif Muna.
  3915 | D:5      | Got Sif Muna's Monograph on Snow-white Interference
  3932 | D:5      | Reached XP level 8. HP: 48/48 MP: 12/19
  3951 | D:5      | Learned a level 4 spell: Anguish
  3980 | D:5      | Noticed Pikel
  3988 | D:5      | Killed Pikel
  3989 | D:5      | Reached skill level 8 in Spellcasting
  4628 | D:6      | Reached XP level 9. HP: 55/58 MP: 17/21
  4920 | D:6      | Noticed Prince Ribbit
  4934 | D:6      | Killed Prince Ribbit
  5244 | D:7      | Reached skill level 5 in Fighting
  5285 | D:7      | Reached ** piety under Hepliaklqana
  5288 | D:7      | Remembered your ancestor Jaes as a knight
  5326 | D:7      | Found a flagged portal.
  5394 | D:7      | HP: 2/61 [orc wizard/puff of flame (21)]
  5480 | Bailey   | Entered a bailey
  5579 | Bailey   | Identified the +7 short sword "Omelette" {antimagic, Fly
                  | rCorr}
  5649 | Bailey   | Reached XP level 10. HP: 38/69 MP: 2/22
  5789 | Bailey   | Found a burning altar of Makhleb.
  5978 | D:7      | Reached skill level 10 in Necromancy
  6788 | D:8      | Learned a level 5 spell: Borgnjor's Vile Clutch
  6957 | D:8      | Reached skill level 1 in Earth Magic
  7054 | D:8      | Noticed a gargoyle
  7062 | D:8      | Killed a gargoyle
  7193 | D:8      | Found a shadowy altar of Dithmenos.
  7193 | D:8      | Found an ancient bone altar of Kikubaaqudgha.
  7194 | D:8      | Found a hide-covered altar of Uskayaw.
  7196 | D:8      | Found a stormy altar of Qazlal.
  7234 | D:8      | Reached *** piety under Hepliaklqana
  7680 | D:9      | Reached skill level 1 in Invocations
  7695 | D:9      | Identified the +4 short sword "Qecuad" {antimagic, ^Contam
                  | rPois rCorr Dex+8}
  7811 | D:9      | Reached skill level 9 in Spellcasting
  7968 | D:9      | Noticed an orange demon
  8001 | D:9      | Noticed a rust devil
  8516 | D:9      | Found a staircase to the Orcish Mines.
  8733 | D:9      | Found a staircase to the Lair.
  8946 | D:9      | Noticed a soul eater
  9236 | D:9      | Reached **** piety under Hepliaklqana
  9423 | D:10     | Entered Level 10 of the Dungeon
  9437 | D:10     | Identified the +6 trident of Woezes {spect, rPois rC- Int+2
                  | Stlth+}
  9880 | D:10     | Reached XP level 11. HP: 77/77 MP: 15/24
  9893 | D:10     | Reached skill level 10 in Spellcasting
 10247 | D:10     | Reached skill level 1 in Armour
 10559 | Lair:1   | Entered Level 1 of the Lair of Beasts
 10571 | Lair:1   | Reached skill level 1 in Polearms
 10592 | Lair:1   | Noticed Grum
 10601 | Lair:1   | Killed Grum
 10786 | Lair:1   | Reached ***** piety under Hepliaklqana
 11194 | Lair:1   | Found a broken altar of Ashenzari.
 11468 | Lair:1   | Identified the ring of Begehere {*Corrode rElec rPois AC+4
                  | Stlth+}
 12367 | Lair:2   | Reached skill level 11 in Spellcasting
 12370 | Lair:2   | Reached XP level 12. HP: 64/85 MP: 23/27
 12512 | Lair:2   | Reached ****** piety under Hepliaklqana
 12532 | Lair:2   | Noticed an ice dragon
 12541 | Lair:2   | Killed an ice dragon
 12542 | Lair:2   | Reached skill level 5 in Earth Magic
 13034 | Lair:3   | Reached skill level 5 in Invocations
 13460 | Lair:3   | Found a staircase to the Swamp.
 13629 | Lair:3   | Reached skill level 5 in Polearms
 13642 | Lair:3   | Found a hole to the Spider Nest.
 14727 | Lair:4   | Noticed a death yak
 14727 | Lair:4   | Noticed a death yak
 14727 | Lair:4   | Noticed a death yak
 14751 | Lair:4   | Found a staircase to the Slime Pits.
 15177 | Orc:1    | Entered Level 1 of the Orcish Mines
 15225 | Orc:2    | Entered Level 2 of the Orcish Mines
 15307 | Orc:2    | Noticed an orc warlord
 15314 | Orc:2    | Gained mutation: You are strongly in touch with the powers
                  | of death. [Mummy growth]
 15314 | Orc:2    | Reached XP level 13. HP: 69/92 MP: 11/28
 15314 | Orc:2    | Killed an orc warlord
 15348 | Orc:2    | Reached skill level 10 in Fighting
 15494 | Orc:2    | Found a roughly hewn altar of Beogh.
 15500 | Orc:2    | Reached skill level 12 in Spellcasting
 15534 | Orc:2    | Found Watyos's Assorted Antiques.
 15539 | Orc:2    | Found a staircase to the Elven Halls.
 15543 | Orc:2    | Bought a scroll labelled URIDOSOREDD for 36 gold pieces
 15613 | Orc:2    | Found a roughly hewn altar of Beogh.
 15614 | Orc:2    | Found Zid Tesh's Weapon Shoppe.
 15692 | Orc:2    | Found Maext's Armour Shop.
 15826 | Orc:2    | Found a roughly hewn altar of Beogh.
 16024 | Orc:2    | Found a roughly hewn altar of Beogh.
 16027 | Orc:2    | Reached skill level 5 in Armour
 16044 | Orc:2    | Found Umperph's Weapon Boutique.
 16322 | Orc:2    | Noticed an orc warlord
 16327 | Orc:2    | Killed an orc warlord
 16481 | Orc:2    | Found a roughly hewn altar of Beogh.
 16481 | Orc:2    | Found Hochocza's Antique Weapon Shoppe.
 16482 | Orc:2    | Found Penteg's Antique Armour Emporium.
 16522 | Orc:2    | Found a roughly hewn altar of Beogh.
 16586 | Orc:2    | Found a roughly hewn altar of Beogh.
 16613 | Orc:2    | Found a roughly hewn altar of Beogh.
 16672 | Orc:2    | Found a roughly hewn altar of Beogh.
 16712 | Orc:2    | Found Paedayfi's Antique Weapon Shoppe.
 17011 | Orc:1    | Noticed an orc warlord
 17011 | Orc:1    | Found a roughly hewn altar of Beogh.
 17062 | Orc:1    | HP: 3/92 [kobold blastminer/bolt (19)]
 17063 | Orc:1    | Slain by an orc warrior

Illustrated notes

Levels and vault maps discovered:
D:1:      dpeg_arrival_tiny_a, layout_basic, st_stairs_1
D:2:      layout_basic, grunt_decor_resistance, st_stairs_4,
          grunt_decor_mini_mirrors, minmay_pentomino_p4, uniq_sigmund
D:3:      layout_rooms, serial_shops, nicolae_shop_tiny_real_fake_doors,
          nicolae_titane, uniq_grinder, uniq_crazy_yiuf_cottage
D:4:      layout_loops_ring, minmay_temple_entry_statues
D:5:      layout_cave_pools, nzn_overflow_gifts_of_might_and_magic, uniq_pikel,
          uniq_edmund
D:6:      layout_basic, uniq_prince_ribbit1
D:7:      layout_cave_pods, enter_bailey_3, chequers_decorated_corner
D:8:      layout_loops_ring, minitemple
D:9:      layout_small_grid, lair_entry_dummy, orc_0_dummy
D:10:     layout_irregular_city, elyvilon_altar_5
D:11:     layout_rooms, portal_ice_cave_entry_imps, serial_shops, shop, tgw_xom
Temple:   compressed_dpeg_circular_temple
Lair:1:   layout_roguey, basic_altar, uniq_grum
Lair:2:   dragon1_lemuel, layout_regular_city, serial_bayou_lagoon_b
Lair:3:   layout_cave_pods, mainiacjoe_swamp_entry_angry_trees,
          spider_nest_entry_webs, st_stairs_9, beast_lair_carwin_6
Lair:4:   layout_small_grid, minmay_slime_entry_oklob_enclosed,
          nicolae_lair_liquid_snakes, grunt_megastairs_5
Orc:1:    layout_diamond_mine, basic_altar, mines2_david
Orc:2:    grunt_orc_community_town_hall, layout_caves,
          grunt_orc_community_big_house_1, grunt_orc_community_big_house_2,
          grunt_orc_community_house_2, grunt_orc_community_house_3,
          grunt_orc_community_house_3, grunt_orc_community_house_2,
          grunt_orc_community_house_3, grunt_orc_community_house_3,
          serial_shops, shop, shop, shop

Skill      XL: |  1  2  3  4  5  6  7  8  9 10 11 12 13 |
---------------+----------------------------------------+-----
Spellcasting   | 3 5 6 7 8 9 11 12 | 12.0
Fighting       | 1 3 6 8 9 10 | 10.0
Necromancy     | 5 6 7 9 10 | 10.0
Short Blades   | 1 3 4 |  4.0
Throwing       | 1 2 |  2.0
Stealth        | 2 |  2.0
Evocations     | 1 2 |  2.0
Earth Magic    | 3 4 5 6 |  6.7
Invocations    | 3 4 6 |  6.9
Armour         | 3 4 5 |  5.6
Polearms       | 3 6 7 |  7.5
Dodging        | |  1.5

Action                     |  1- 3 |  4- 6 |  7- 9 | 10-12 | 13-15 || total
---------------------------+-------+-------+-------+-------+-------++-------
  Melee: Dagger            |    68 |     5 |       |       |       ||    73
         Short sword       |       |    29 |    61 |   132 |       ||   222
         Dire flail        |       |       |     3 |       |       ||     3
         Trident           |       |       |       |   199 |   106 ||   305
  Throw: Dart              |     5 |       |       |     2 |       ||     7
   Cast: Necrotise         |    48 |    37 |    73 |    48 |     5 ||   211
         Vampiric Draining |       |     1 |    29 |    56 |    10 ||    96
         Anguish           |       |       |     7 |    36 |    10 ||    53
         Animate Dead      |       |       |     5 |    12 |     5 ||    22
         Borgnjor's Vile C |       |       |       |     7 |    13 ||    20
 Invoke: Recall Ancestor   |       |       |     1 |     6 |     1 ||     8
         Ancestor Life: Kn |       |       |     1 |       |       ||     1
         Idealise          |       |       |       |       |     1 ||     1
  Evoke: Wand              |       |     6 |       |       |       ||     6
    Use: Scroll            |       |     6 |     3 |     6 |     2 ||    17
   Stab: Distracted        |     1 |       |     1 |     6 |     2 ||    10
         Sleeping          |       |     1 |     3 |     6 |     6 ||    16
 Armour: Robe              |    44 |    20 |    92 |   142 |       ||   298
         Ring mail         |       |       |       |   171 |   111 ||   282
  Dodge: Dodged            |    54 |    28 |    54 |   192 |    56 ||   384

Table legend: (Time is in decaauts)
 A = Elapsed time spent in this place.
 B = Non-inter-level travel time spent in this place.
 C = Inter-level travel time spent in this place.
 D = Time resting spent in this place.
 E = Time spent auto-exploring this place.
 F = Levels seen in this place.
 G = Mean time per level.
                   A        B        C        D        E       F      G
               +--------+--------+--------+--------+--------+-----+--------+
         Total |  17065 |  16396 |    669 |   2699 |   9264 |  19 |  898.2 |
       Dungeon |  10184 |   9778 |    406 |   1612 |   5609 |  11 |  925.8 |
        Temple |     69 |     69 |      0 |      0 |      0 |   1 |   69.0 |
          Lair |   4582 |   4343 |    239 |    465 |   2811 |   4 | 1145.5 |
  Orcish Mines |   1886 |   1863 |     23 |    484 |    814 |   2 |  943.0 |
        Bailey |    341 |    341 |      0 |    138 |     29 |   1 |  341.0 |
               +--------+--------+--------+--------+--------+-----+--------+

Top non-repeatable levels by time:
   Orc:2: 1817 daAuts
     D:9: 1425 daAuts
  Lair:3: 1418 daAuts
     D:8: 1384 daAuts
     D:2: 1242 daAuts
     D:7: 1199 daAuts
  Lair:2: 1162 daAuts
  Lair:1: 1095 daAuts
    D:10: 1062 daAuts
     D:4: 1024 daAuts
  Lair:4: 907 daAuts
     D:6: 811 daAuts
     D:5: 793 daAuts
     D:1: 686 daAuts
     D:3: 523 daAuts
